 Dungeon Crawl Stone Soup version 0.28-a0-750-g7c675f85b1 (webtiles) character file.

Game seed: 11229798162292793528

108 ytrimaz the Chopper (level 4, -2/35 HPs)
             Began as a Demonspawn Berserker on Oct 29, 2021.
             Was a Believer of Trog.
             Slain by a gnoll (8 damage)
             ... on level 2 of the Dungeon.
             The game lasted 00:02:04 (1607 turns).

ytrimaz the Chopper (Demonspawn Berserker)          Turns: 1607, Time: 00:02:05

Health: -2/35      AC: 10    Str: 18    XL:     4   Next: 58%
Magic:  4/4        EV:  8    Int:  9    God:    Trog [**....]
Gold:   106        SH:  0    Dex: 12    Spells: 3/3 levels left

rFire   . . .      SeeInvis .   a - +0 hand axe
rCold   . . .      Faith    .   (no shield)
rNeg    . . .      Spirit   .   i - +0 chain mail
rPois   .          Reflect  .   (no helmet)
rElec   .          Harm     .   (no cloak)
rCorr   .          Rampage  .   (no gloves)
Will    .....                   (no boots)
Stlth   ..........              (no amulet)
HPRegen 0.11/turn               (no ring)
MPRegen 0.09/turn               (no ring)

@: no status effects
A: yellow scales 1, ignite blood 2
a: Renounce Religion, Berserk, Trog's Hand


You were on level 2 of the Dungeon.
You worshipped Trog.
Trog was pleased with you.
You visited 1 branch of the dungeon, and saw 2 of its levels.

You collected 106 gold pieces.

Inventory:

Hand Weapons
 a - a +0 hand axe (weapon)
Missiles
 c - a throwing net (quivered)
Armour
 i - a +0 chain mail (worn)
Scrolls
 f - 3 scrolls of fear
 g - a scroll of teleportation
Potions
 e - a potion of heal wounds


   Skills:
 + Level 3.5 Fighting
 + Level 3.6 Axes
 * Level 2.4 Armour
 * Level 2.7 Dodging


You had 3 spell levels left.
You didn't know any spells.
Your spell library was empty.

Dungeon Overview and Level Annotations

Branches:
Dungeon (2/15)

Altars:
Sif Muna


Innate Abilities, Weirdness & Mutations

You are partially covered in yellow scales. (AC +2)
Your demonic aura often causes spilled blood to erupt in flames.


Message History

Your adder poisons the gnoll!
Unknown command.
Your adder bites the gnoll.
The gnoll dies!
Trog accepts your kill.
Unknown command.
Your adder bites the gnoll but does no damage.
The gnoll barely misses your adder.
Your adder misses the gnoll. The gnoll misses your adder.
Your adder barely misses the gnoll.
Your adder misses the gnoll. The gnoll misses your adder.
Something barely misses your rat.
You see here 15 bolts.
The gnoll hits your rat with a +0 club!
Your rat dies!
Your rat's corpse dissolves into shadows!
Unknown command.
Your adder completely misses the gnoll.
The gnoll misses your adder.
Your worm barely misses the gnoll.
Your goblin unwields a +0 hunting sling.
Your goblin wields a +0 dagger.
Your goblin hits the gnoll but does no damage.
Your adder barely misses the gnoll.
The gnoll closely misses your goblin.
The gnoll hits your goblin with a +0 club.
Your goblin dies!
Your goblin's corpse dissolves into shadows!
Your adder closely misses the gnoll.
Your worm bites the gnoll.
The gnoll hits your adder with a +0 club.
Your adder bites the gnoll.
Your adder dissolves into shadows!
Unknown command.
You fail to use your ability.
Your worm bites the gnoll.
The gnoll hits you with a +0 flail.
* * * LOW HITPOINT WARNING * * *
You hit the gnoll but do no damage. You barely miss the gnoll.
The gnoll hits you with a +0 flail.
* * * LOW HITPOINT WARNING * * *
The gnoll hits you but does no damage.
The gnoll hits you from afar with a +0 halberd!
You die...

#.....# ####.###..... #
#.....# ##..>.........
.###.#.....###.............
...........[..........ww...
###.##...w###.............
#.g.)#..# ##............
#..###.g# #............
.... #gg## #............
..... #.@.# #..<......###
..... #.#.# #.........# #
.... #.#.# ####.########
#### #####.######.###.....
###.........<..........
..............####.....
###..........#######'##
#..........#≈≈≈≈≈≈.≈≈
#..........#≈≈≈≈..†..


You could see 3 gnolls and a friendly worm (summoned).

Vanquished Creatures
  2 adders (D:2)
  4 gnolls
  A dart slug (D:1)
  5 ball pythons
  3 endoplasms
  3 giant cockroaches
  4 goblins
  5 hobgoblins
  5 kobolds
  2 quokkas
  2 bats (D:1)
  3 frilled lizards
  A rat (D:1)
40 creatures vanquished.

Vanquished Creatures (collateral kills)
  A gnoll (D:2)
1 creature vanquished.

Grand Total: 41 creatures vanquished

Notes
Turn   | Place    | Note
-------+----------+-------------------------------------------
     0 | D:1      | ytrimaz the Demonspawn Berserker began the quest for the
                  | Orb.
     0 | D:1      | Reached XP level 1. HP: 18/18 MP: 1/1
   110 | D:1      | Gained mutation: You are partially covered in yellow
                  | scales. (AC +2) [demonic ancestry]
   110 | D:1      | Reached XP level 2. HP: 19/24 MP: 2/2
   773 | D:2      | Gained mutation: Your demonic aura sometimes causes spilled
                  | blood to erupt in flames. [demonic ancestry]
   773 | D:2      | Reached XP level 3. HP: 29/29 MP: 3/3
  1224 | D:2      | Gained mutation: Your demonic aura often causes spilled
                  | blood to erupt in flames. [demonic ancestry]
  1224 | D:2      | Reached XP level 4. HP: 24/35 MP: 4/4
  1225 | D:2      | Reached ** piety under Trog
  1453 | D:2      | Found a shimmering blue altar of Sif Muna.
  1607 | D:2      | Slain by a gnoll

Illustrated notes

Levels and vault maps discovered:
D:1:      dpeg_arrival_fog, layout_loops_ring
D:2:      layout_rooms, basic_altar, kennysheep_generic_room_2

Skill      XL: |  1  2 |
---------------+-------+-----
Armour         | 2 |  2.4
Dodging        | 2 |  2.7
Axes           | 3 |  3.6
Fighting       | |  3.5

Action                   |  1- 3 |  4- 6 || total
-------------------------+-------+-------++-------
Melee: Hand axe          |    64 |    21 ||    85
Invok: Berserk           |     2 |       ||     2
  Use: Scroll            |     3 |     1 ||     4
 Stab: Sleeping          |     1 |       ||     1
Armor: Animal skin       |    25 |     6 ||    31
       Chain mail        |       |     3 ||     3
Dodge: Dodged            |    44 |    22 ||    66

Table legend: (Time is in decaauts)
 A = Elapsed time spent in this place.
 B = Non-inter-level travel time spent in this place.
 C = Inter-level travel time spent in this place.
 D = Time resting spent in this place.
 E = Time spent auto-exploring this place.
 F = Levels seen in this place.
 G = Mean time per level.
                   A        B        C        D        E       F      G
               +--------+--------+--------+--------+--------+-----+--------+
         Total |   1641 |   1629 |     12 |    535 |    794 |   2 |  820.5 |
       Dungeon |   1641 |   1629 |     12 |    535 |    794 |   2 |  820.5 |
               +--------+--------+--------+--------+--------+-----+--------+

Top non-repeatable levels by time:
     D:1: 1153 daAuts
     D:2: 488 daAuts
